 Dungeon Crawl Stone Soup version 0.18-a0-102-gb1241f3 (webtiles) character file.

2373 Proton the Cleaver (level 9, 0/82 HPs)
             Began as a Deep Dwarf Fighter on Nov 15, 2015.
             Was an Initiate of Ru.
             Slain by an orc wizard
             ... wielding a +1 dagger of electrocution
              (16 damage)
             ... on level 8 of the Dungeon.
             The game lasted 00:11:57 (5686 turns).

Proton the Cleaver (Deep Dwarf Fighter)             Turns: 5686, Time: 00:11:57

Health: 0/82       AC: 18    Str: 23    XL:     9   Next: 21%
Magic:  8/8        EV:  6    Int:  9    God:    Ru [......]
Gold:   356        SH: 17    Dex: 12    Spells: 0 memorised, 8 levels left

rFire  + . .     SeeInvis .     a - +0 war axe
rCold  . . .     Clarity  .     b - +0 scale mail
rNeg   + . .     SustAt   .     k - +1 large shield
rPois  .         Gourm    .     m - +0 helmet
rElec  .         Spirit   .     n - +0 cloak
rCorr  .         Warding  +     i - +0 pair of gloves
rMut   .         Stasis   .     H - +0 pair of boots
MR     +....                    q - amulet of warding
Stlth  ..........               F - +5 ring of protection
                                p - ring of protection from fire

@: non-regenerating, somewhat resistant to hostile enchantments, extremely
unstealthy
A: damage resistance, recharge devices, sense surroundings 2, slow regeneration
3
a: Device Recharging, Renounce Religion


You were on level 8 of the Dungeon.
You worshipped Ru.
Ru was noncommittal.
You were not hungry.

You visited 2 branches of the dungeon, and saw 9 of its levels.
You also visited: Sewer.

You collected 356 gold pieces.

Inventory:

Hand Weapons
 a - a +0 war axe (weapon)
Armour
 b - a +0 scale mail (worn)
 i - a +0 pair of gloves (worn)
 k - a +1 large shield (worn)
 m - a +0 helmet (worn)
 n - a +0 cloak (worn)
 H - a +0 pair of boots (worn)
Jewellery
 g - an uncursed ring of protection from fire
 p - a ring of protection from fire (left hand)
 q - an amulet of warding (around neck)
 v - an uncursed ring of see invisible
 F - a +5 ring of protection (right hand)
Wands
 e - a wand of heal wounds (2)
Scrolls
 c - a scroll of magic mapping {unknown}
 h - 4 scrolls of teleportation
 j - 2 scrolls of remove curse
Potions
 d - a potion of might
 o - 2 potions of berserk rage {unknown}
 r - 4 potions of flight {unknown}
 w - 3 potions of curing
 C - a potion of heal wounds
Comestibles
 f - 3 bread rations


   Skills:
 + Level 5.7 Fighting
 * Level 8.9 Axes
 + Level 7.0 Armour
 + Level 6.7 Shields


You had 8 spell levels left.
You didn't know any spells.

Dungeon Overview and Level Annotations

Branches:
Dungeon (8/15)             Temple (1/1) D:4
   Lair: D:8-11

Altars:
Cheibriados
Dithmenos
Elyvilon
Fedhas
Gozag
Kikubaaqudgha
Makhleb
Nemelex Xobeh
Okawaru
Qazlal
Ru
Sif Muna
Trog
Vehumet
Xom
Yredelemnul
Zin
The Shining One

Shops:
D:5 ?

Annotations:
D:6 1 runed door
D:7 Prince Ribbit


Innate Abilities, Weirdness & Mutations

You are resistant to damage.
You can recharge devices by infusing magical energy.
You passively map the area around you.
You do not regenerate naturally.


Message History

The magic dart hits you! Something hits you.
You closely miss something. You barely miss something. You block its attack.
You hit something but do no damage. Something hits you but does no damage.
You are electrocuted!
You hit something. Something hits you but does no damage.
You are electrocuted!
You closely miss something.
Your shield and scale mail prevent you from hitting something.
Something hits you but does no damage.
You are electrocuted!
* * * LOW HITPOINT WARNING * * *
You miss something. Something hits you but does no damage.
You hit something but do no damage.
You hear some strange, mumbled words.
You closely miss something. You block its attack.
You hit something. Something hits you but does no damage.
You are electrocuted!
* * * LOW HITPOINT WARNING * * *
You hit something but do no damage. You block its attack.
You closely miss something. Something hits you but does no damage.
You are electrocuted!
You die... ###### *### #.#.##.#.., ,,, , , #.#.##.#* , , ,, ###.#.# .# ,,, , #...... , , , ,,, ..#, , , , * ,, , ,##.## ** ** ############ .oZ

, .#.##.##.#.# #{# ...##.##.#.#
#@# * ...##......# #.# *,*
...........#####.# *#####
....>............# .....
..######..######## **####
.#######..# ########
..........################.......
########...................######
...#####.###################


You could see an orc and a worker ant zombie.

Vanquished Creatures
  A hippogriff (D:7)
  Duvessa (D:7)
  A water moccasin (D:8)
  A black bear (D:8)
  A sky beast (D:5)
  2 ice beasts
  An ogre (D:5)
  2 centaurs
  A necrophage (D:6)
  A big kobold (Sewer)
  2 giant frogs (D:6)
  Dowan (D:7)
  5 scorpions (D:6)
  3 crimson imps (D:5)
  2 orc wizards
  A jelly (D:6)
  5 hounds
  An iguana (D:8)
  2 centaur skeletons
  A quasit (D:5)
  4 worker ants
  2 giant frog skeletons
  Natasha (D:3)
  A hound zombie (D:6)
  3 river rats (Sewer)
  3 gnolls (D:4)
  5 adders
  An ooze (D:1)
  2 worms
  10 giant geckos
  18 orcs
  8 giant cockroaches
  6 goblins
  2 hobgoblins
  2 jackals (Sewer)
  3 quokkas
  5 bats
  A giant gecko skeleton (D:6)
  4 giant newts
  14 kobolds
  2 quokka skeletons
  8 rats
140 creatures vanquished.

Notes
Turn   | Place    | Note
--------------------------------------------------------------
     0 | D:1      | Proton the Deep Dwarf Fighter began the quest for the Orb.
     0 | D:1      | Reached XP level 1. HP: 20/20 MP: 1/1
   178 | D:1      | Reached XP level 2. HP: 27/27 MP: 2/2
   798 | D:2      | Found an ancient bone altar of Kikubaaqudgha.
  1181 | D:2      | Reached XP level 3. HP: 30/33 MP: 3/3
  1287 | D:2      | Found a deep blue altar of Sif Muna.
  1371 | D:3      | Found a glowing silver altar of Zin.
  1371 | D:3      | Noticed an angel
  1476 | D:3      | Noticed Natasha
  1481 | D:3      | Killed Natasha
  1481 | D:3      | Reached XP level 4. HP: 14/42 MP: 4/4
  1587 | D:3      | Reached skill level 4 in Armour
  1916 | D:4      | Noticed a centaur
  1938 | D:4      | Killed a centaur
  1938 | D:4      | Reached XP level 5. HP: 32/49 MP: 5/5
  1960 | D:4      | Found an iron altar of Okawaru.
  1967 | D:4      | Found a glowing golden altar of the Shining One.
  2287 | D:4      | Found a staircase to the Ecumenical Temple.
  2429 | D:4      | Reached XP level 6. HP: 42/56 MP: 6/6
  2829 | D:5      | Entered Level 5 of the Dungeon
  2847 | D:5      | Found Plog's Magic Scroll Shop.
  2866 | D:5      | Reached skill level 5 in Axes
  2966 | D:5      | Found an opulent altar of Gozag.
  2966 | D:5      | Found a snail-covered altar of Cheibriados.
  2977 | D:5      | Found a blossoming altar of Fedhas.
  3020 | D:5      | Reached skill level 5 in Armour
  3049 | D:5      | Reached XP level 7. HP: 19/63 MP: 7/7
  3150 | D:5      | Reached skill level 5 in Shields
  3180 | D:5      | Reached skill level 6 in Axes
  3462 | D:6      | Found a glowing drain.
  3467 | Sewer    | Entered a sewer
  3579 | Sewer    | Found a white marble altar of Elyvilon.
  3663 | D:6      | Reached XP level 8. HP: 27/73 MP: 8/8
  3668 | D:6      | Reached skill level 7 in Axes
  3686 | D:6      | Found a radiant altar of Vehumet.
  3919 | D:6      | Found a runed door.
  3978 | D:6      | Found a runed door.
  3984 | D:6      | Reached skill level 5 in Fighting
  4124 | D:7      | Reached skill level 8 in Axes
  4230 | D:7      | Found a shadowy altar of Dithmenos.
  4440 | D:7      | Noticed Prince Ribbit
  4579 | D:7      | Found a sparkling altar of Nemelex Xobeh.
  4705 | D:7      | Noticed Duvessa
  4705 | D:7      | Noticed Dowan
  4730 | D:7      | Killed Duvessa
  4732 | D:7      | Killed Dowan
  4732 | D:7      | Gained mutation: You passively map the area around you. [Deep Dwarf growth]
  4732 | D:7      | Reached XP level 9. HP: 19/81 MP: 9/9
  4966 | D:8      | Found a radiant altar of Vehumet.
  5150 | Temple   | Entered the Ecumenical Temple
  5262 | Temple   | Became a worshipper of Ru the Awakened
  5686 | D:8      | Slain by an orc wizard

Vault maps used:
D:1:      dpeg_arrival_fog
D:2:      lemuel_round_altar, minmay_misc_feat_rows, minivault_27, led_sif_pool
D:3:      zin_angel, uniq_natasha
D:4:      grunt_temple_overflow_open, minmay_temple_entry_grid, first_bread
D:5:      lemuel_ice_spiral_2, gammafunk_temple_overflow_claw, serial_shops,
          shop_fountains
D:6:      lemuel_insect_pit, overflow_temple_1_default, gup_sewer_entry_bowl
D:7:      marbit_many_paths, basic_altar, uniq_prince_ribbit1, uniq_duvessa
D:8:      lemuel_coloured_pillars_altar, basic_altar
Temple:   jpeg_temple_clearing_9
Sewer:    sewer_kobolds

Action                   |  1- 3 |  4- 6 |  7- 9 || total
-------------------------+-------+-------+-------++-------
Melee: War axe           |   126 |   128 |   390 ||   644
 Abil: Device Recharging |       |       |     1 ||     1
Evoke: Wand              |       |     7 |    10 ||    17
  Use: Scroll            |       |     1 |    10 ||    11
       Potion            |       |       |     1 ||     1
  Eat: Bread ration      |       |     1 |       ||     1
       Meat ration       |       |     1 |       ||     1
       Beef jerky        |       |       |     4 ||     4
       Pizza             |       |       |     1 ||     1
